 Dungeon Crawl Stone Soup version 0.28.0-45-g0d030f2227 (webtiles) character file.

Game seed: 7085883575205945249

577 NinjaNoafa the Shield-Bearer (level 7, 0/85 (91) HPs)
             Began as a Minotaur Fighter on Apr 7, 2022.
             Was an Initiate of Cheibriados.
             Slain by a wight
             ... wielding a +0 morningstar
              (1 damage)
             ... on level 4 of the Dungeon.
             The game lasted 00:07:27 (3386 turns).

NinjaNoafa the Shield-Bearer (Minotaur Fighter)     Turns: 3386, Time: 00:07:28

HP:   0/85 (91)     AC: 23    Str: 18 (21) XL:     7   Next: 13%
MP:   6/6           EV:  2    Int:  4 (6)  God:    Cheibriados [......]
Gold: 185           SH: 12    Dex:  9 (10) Spells: 6/6 levels left

rFire   + . .      SeeInvis .   n - +2 dagger (protect)
rCold   . . .      Faith    .   r - +0 tower shield
rNeg    + . .      Spirit   .   (armour currently unavailable)
rPois   +          Reflect  .   (helmet currently unavailable)
rElec   +          Harm     .   (cloak currently unavailable)
rCorr   .          Rampage  .   (gloves currently unavailable)
Will    .....      NoTele   +   (boots currently unavailable)
Stlth   +.........              (no amulet)
HPRegen 0.24/turn               u - ring "Qaugoaluqa" {Fly rElec rF+ rN+ Str-3}
MPRegen 0.10/turn               (no ring)

@: mighty, tree-form, hasted, drained, quick
A: stationary, stasis, torment immunity, boosted hp, (horns 2), (retaliatory
headbutt)
a: Renounce Religion


You were on level 4 of the Dungeon.
You worshipped Cheibriados.
Cheibriados was noncommittal.
You were a tree.
You visited 2 branches of the dungeon, and saw 5 of its levels.

You collected 185 gold pieces.

Inventory:

Hand Weapons
 a - a +0 long sword
 n - a +2 dagger of protection (weapon)
 p - a +3 quarterstaff of chaos
Missiles
 f - 182 stones
 h - 9 poisoned darts
 l - 3 boomerangs of dispersal (quivered)
Armour
 b - a +0 scale mail
 c - a +0 buckler
 i - a +1 leather armour of fire resistance (melded)
 j - a +0 cloak (melded)
 r - a +0 tower shield (worn)
Jewellery
 u - the ring "Qaugoaluqa" (left branch) {Fly rElec rF+ rN+ Str-3}
   (You found it on level 3 of the Dungeon)

   [ring of flight]

   Str:       It affects your strength (-3).
   rF:        It protects you from fire.
   rElec:     It insulates you from electricity.
   rN:        It protects you from negative energy.
   Fly:       It grants you flight.
Wands
 w - a wand of digging (7)
Scrolls
 m - 3 scrolls of identify {unknown}
Potions
 e - a potion of lignification
 k - 3 potions of degeneration
 q - a potion of invisibility {unknown}
 s - a potion of heal wounds {unknown}
 t - a potion of flight {unknown}
 v - a potion of berserk rage {unknown}


   Skills:
 + Level 5.6 Fighting
 * Level 3.9(4.5) Short Blades
 - Level 3.5(4.5) Long Blades
 + Level 5.5 Armour
 + Level 5.6 Shields


You had 6 spell levels left.
You didn't know any spells.
Your spell library contained the following spells:

 Spells                   Type           Power      Damage    Failure   Level
 Shock                    Conj/Air       0%         1d3       99%         1
 Swiftness                Air            0%         N/A       100%        3
 Airstrike                Air            0%         N/A       100%        4


Dungeon Overview and Level Annotations

Branches:
Dungeon (4/15)             Temple (1/1) D:4

Altars:
Cheibriados
Dithmenos
Elyvilon
Fedhas
Gozag
Hepliaklqana
Kikubaaqudgha
Makhleb
Nemelex Xobeh
Okawaru
Ru
Trog
Vehumet
Wu Jian
Yredelemnul
Zin
The Shining One

Annotations:
D:4 Natasha


Innate Abilities, Weirdness & Mutations

You are a tree.
Your roots penetrate the ground, keeping you stationary.
You cannot be teleported.
You are immune to unholy pain and torment.
Your maximum health is greatly increased.
Your equipment is partially melded.
((You have a pair of horns on your head.))
((You reflexively headbutt those who attack you in melee.))


Message History

The wight hits you with a +0 morningstar!
You block the crimson imp's attack. You block Natasha's attack.
You barely miss the crimson imp. The hound bites you.
You block the wight's attack. You block the hound's attack.
The crimson imp blinks!
Natasha claws you.
You feel better. The hound bites you.
The wight hits you with a +0 morningstar!
Natasha stares at you and mumbles some strange words.
You resist with some effort. The hound bites you but does no damage.
You feel very mighty all of a sudden. You block the wight's attack.
The hound bites you but does no damage. Natasha claws you.
It was a potion of degeneration.
There was something very wrong with that liquid.
You feel weakened.
You feel dopey.
You feel clumsy. You block the hound's attack.
The wight hits you with a +0 morningstar!
* * * LOW HITPOINT WARNING * * *
You partially resist.
You feel drained.
The wight hits you with a +0 short sword.
* * * LOW HITPOINT WARNING * * *
You partially resist.
You feel drained.
Natasha casts a spell.
The hound bites you.
* * * LOW HITPOINT WARNING * * *
It was a potion of lignification.
You turn into a tree.
Your +0 cloak melds into your body.
Your +1 leather armour of fire resistance melds into your body.
You feel less resistant to fire.
Your roots penetrate the ground.
The wight hits you with a +0 short sword.
* * * LOW HITPOINT WARNING * * *
You partially resist.
You feel drained. You block the wight's attack.
The hound bites you but does no damage. Natasha claws you but does no damage.
It was a potion of haste.
You feel yourself speed up.
Cheibriados forgives your accidental hurry, just this once.
You block the hound's attack. You block the wight's attack.
The wight hits you with a +0 morningstar!
* * * LOW HITPOINT WARNING * * *
You partially resist.
You feel drained.
You die...

#...##...### #...##....##
##...##_##.# #..##.......
#....###..##....#.......
##....#.........#......≈
...#....................≈≈≈
#.......................≈≈≈≈
....##.............#.....≈≈≈≈
### ##.........>..#...#.≈≈≈≈
#.....♣z...... #.≈≈≈≈
.......hhz5..... .....≈≈≈
.........5.....#.........≈
...............# .........
....#.....................
...###...............#.... ..
............ ..##.........


You could see a hound, 2 wights, Natasha and 2 crimson imps.

Vanquished Creatures
  An ogre (D:4)
  A scorpion (D:4)
  A hound (D:2)
  Crazy Yiuf (D:2)
  An iguana (D:4)
  Jessica (D:2)
  An orc wizard (D:4)
  Ijyb (D:4)
  Terence (D:2)
  Natasha (twice) (D:4)
  4 gnolls (D:2)
  7 adders
  An adder skeleton (D:4)
  4 worms
  3 dart slugs
  2 orcs (D:4)
  6 bats
  8 endoplasms
  2 giant cockroaches
  6 goblins
  7 hobgoblins
  4 jackals (D:1)
  7 kobolds
  3 quokkas
  4 ball pythons
  4 frilled lizards
  6 rats
89 creatures vanquished.

Notes
Turn   | Place    | Note
-------+----------+-------------------------------------------
     0 | D:1      | NinjaNoafa the Minotaur Fighter began the quest for the
                  | Orb.
     0 | D:1      | Reached XP level 1. HP: 19/19 MP: 0/0
    58 | D:1      | Found a faded altar of an unknown god.
    92 | D:1      | Reached XP level 2. HP: 22/27 MP: 1/1
   594 | D:1      | Reached XP level 3. HP: 33/33 MP: 2/2
   807 | D:2      | Noticed Jessica
   812 | D:2      | Killed Jessica
   871 | D:2      | Reached XP level 4. HP: 36/41 MP: 3/3
  1126 | D:2      | Reached skill level 1 in Short Blades
  1126 | D:2      | Reached XP level 5. HP: 32/47 MP: 4/4
  1229 | D:2      | Noticed Terence
  1251 | D:2      | Killed Terence
  1624 | D:2      | Found a runed translucent door.
  1625 | D:2      | Noticed Crazy Yiuf
  1631 | D:2      | Killed Crazy Yiuf
  1632 | D:2      | Reached skill level 5 in Shields
  2027 | D:2      | Reached skill level 5 in Fighting
  2323 | D:3      | Reached XP level 6. HP: 56/56 MP: 5/5
  2370 | D:3      | Identified the ring "Qaugoaluqa" {Fly rElec rF+ rN+ Str-3}
  2595 | D:3      | Reached skill level 5 in Armour
  3016 | D:4      | Found a staircase to the Ecumenical Temple.
  3075 | Temple   | Entered the Ecumenical Temple
  3160 | Temple   | Became a worshipper of Cheibriados the Contemplative
  3276 | D:4      | Noticed Natasha
  3287 | D:4      | Killed Natasha
  3288 | D:4      | Reached XP level 7. HP: 61/61 MP: 6/6
  3318 | D:4      | Noticed Ijyb
  3331 | D:4      | Killed Ijyb
  3339 | D:4      | Found a hazy altar of Hepliaklqana.
  3344 | D:4      | Found a white marble altar of Elyvilon.
  3348 | D:4      | Found an opulent altar of Gozag.
  3361 | D:4      | Noticed Natasha
  3370 | D:4      | Killed Natasha
  3374 | D:4      | Noticed Natasha
  3386 | D:4      | HP: 1/87 [wight/+0 morningstar (7)]
  3386 | D:4      | Slain by a wight

Illustrated notes

Levels and vault maps discovered:
D:1:      moated_graveyard_arrival, layout_loops_ring,
          ebering_ecumenical_altar_webs
D:2:      cheibrodos_helix_gallery, layout_basic, uniq_crazy_yiuf_cottage,
          uniq_terence, uniq_jessica
D:3:      layout_basic
D:4:      layout_cave_pools, grunt_temple_overflow_diamond, temple_pool_b,
          grunt_decor_resistance, grunt_ministairs_15, uniq_natasha, uniq_ijyb,
          uniq_blork_the_orc
Temple:   nicolae_temple_great_sept

Skill      XL: |  1  2  3  4  5  6 |
---------------+-------------------+-----
Fighting       | 4 5 |  5.6
Shields        | 4 5 |  5.6
Armour         | 4 5 |  5.5
Long Blades    | 3 |  3.5
Short Blades   | 1 2 3 |  3.9

Action                   |  1- 3 |  4- 6 |  7- 9 || total
-------------------------+-------+-------+-------++-------
Melee: Long sword        |    65 |    14 |       ||    79
       Headbutt          |     7 |    28 |     6 ||    41
       Dagger            |       |   179 |    36 ||   215
  Use: Potion            |       |     1 |     5 ||     6
Armor: Scale mail        |    24 |       |       ||    24
       Leather armour    |    10 |    71 |    11 ||    92
       Skin              |       |       |     2 ||     2
Dodge: Dodged            |    39 |    67 |     6 ||   112
Block: Buckler           |    18 |    14 |       ||    32
       Tower shield      |       |    70 |    33 ||   103
